[Event "Early-Titled-Tuesday-Blitz-October-24-2023"]
[Site "Chess.com"]
[Date "2023.10.24"]
[Round "8"]
[White "chess123456s"]
[Black "blitzking1729"]
[Result "0-1"]
[WhiteElo "2553"]
[BlackElo "2805"]
[TimeControl "180+1"]
[EndTime "9:24:21 PDT"]
[Termination "blitzking1729 won by resignation"]

1. e4 d6 2. d4 Nf6 3. Nc3 e5 4. Nge2 exd4 5. Nxd4 Be7 6. g3 O-O 7. Bg2 Re8 8. O-O Bf8 9. h3 h6 10. Be3 Nbd7 11. g4 Nc5 12. f3 d5 13. Nb3 Nxb3 14.
axb3 dxe4 15. Qxd8 Rxd8 16. f4 c6 17. Rad1 Be6 18.
Nxe4 Nxe4 19. Bxe4 Re8 20. Bd3 Bxb3 21. Bd4 Bd5 22.
c4 Be4 23. Be2 a5 24. Bb6 a4 25. Rd7 a3 26. bxa3 Rxa3 27. Kh2 c5 28. f5 Ra2 29.
Rf2 Bc6 30. Rd8 Rexe2 31. Rxe2 Rxe2+ 32. Kg3 Re8 0-1

[Event "Early-Titled-Tuesday-Blitz-October-24-2023"]
[Site "Chess.com"]
[Date "2023.10.24"]
[Round "8"]
[White "AsaHoffmann"]
[Black "GMJustin"]
[Result "0-1"]
[WhiteElo "2359"]
[BlackElo "2229"]
[TimeControl "180+1"]
[EndTime "9:24:23 PDT"]
[Termination "GMJustin won by checkmate"]

1. d4 e6 2. e4 d5 3. e5 c5 4. Nf3 Nc6 5. Bd3 cxd4 6. O-O f6 7. Bf4 fxe5 8. Nxe5 Nf6 9. Nd2 Bd6 10.
Ndf3 O-O 11. Qe2 Ne4 12. Nxc6 bxc6 13. Bxd6 Nxd6 14. Nxd4 Qf6 15. Nxc6 Nf7 16. c3 e5 17. Nb4 Be6 18. Rae1 a5 19. Nc2 Rae8 20. Bb5 Re7 21. g3 Ng5 22. f4 exf4 23. Rxf4 Nh3+ 24. Kg2 Nxf4+ 25. gxf4 Bh3+ 26. Kxh3 Rxe2 27. Rxe2 Qg6 28. Nd4 Rxf4 29. Bd7 Qh5+ 30. Kg3 Qg5+ 31. Kh3 Rh4# 0-1

[Event "Early-Titled-Tuesday-Blitz-October-24-2023"]
[Site "Chess.com"]
[Date "2023.10.24"]
[Round "8"]
[White "I_am_Javi"]
[Black "FoxOnTheRun97"]
[Result "1-0"]
[WhiteElo "2808"]
[BlackElo "2567"]
[TimeControl "180+1"]
[EndTime "9:24:25 PDT"]
[Termination "I_am_Javi won by resignation"]

1. e4 c6 2. d4 d5 3. e5 Bf5 4. c3 e6 5. Bd3 Bxd3 6. Qxd3 c5 7. Ne2 Nc6 8. O-O Qb6 9. Nd2 Nh6 10. Nf3 Be7 11.
Bxh6 gxh6 12. dxc5 Bxc5 13. b4 Bf8 14. a4 Bg7 15. Rfe1 Nxe5 16. Nxe5 Bxe5 17. Qh3 O-O-O 18. Qxh6 Rdg8 19. Qh5 Qc7 20. Rac1 Rg6 21. Ng3 Bxg3 22. hxg3 Kb8 23. c4 dxc4 24. Re4 Qd7 25. Rexc4 Qxa4 26. Qe5+ 1-0

[Event "Early-Titled-Tuesday-Blitz-October-24-2023"]
[Site "Chess.com"]
[Date "2023.10.24"]
[Round "8"]
[White "DonJuanEGenaro"]
[Black "Dewarfd"]
[Result "1-0"]
[WhiteElo "1842"]
[BlackElo "2167"]
[TimeControl "180+1"]
[EndTime "9:24:25 PDT"]
[Termination "DonJuanEGenaro won by resignation"]

1. Nf3 Nf6 2. d4 d5 3. c4 e6 4. Nc3 c5 5. cxd5 Nxd5 6. e4 Nxc3 7. bxc3 cxd4 8. cxd4 Bb4+ 9. Bd2 Bxd2+ 10. Qxd2 O-O 11. Bc4 b6 12. O-O Bb7 13. Rfe1 Nd7 14. a4 Re8 15. a5 Rc8 16. Bb5 Rf8 17. axb6 axb6 18. Ra7 Rc7 19. d5 exd5 20. exd5 Nc5 21. d6 Rc8 22. Re7 Ra8 23. Raxb7 Nxb7 24. Rxb7 Ra1+ 25.
Ne1 Re8 26. Bxe8 Qxe8 27. Re7 Qd8 28. d7 1-0

[Event "Early-Titled-Tuesday-Blitz-October-24-2023"]
[Site "Chess.com"]
[Date "2023.10.24"]
[Round "8"]
[White "M_One1126"]
[Black "kleinebeer98"]
[Result "0-1"]
[WhiteElo "2649"]
[BlackElo "2849"]
[TimeControl "180+1"]
[EndTime "9:24:26 PDT"]
[Termination "kleinebeer98 won on time"]

1. e4 e5 2. Nc3 Nf6 3. f4 d5 4. fxe5 Nxe4 5. Qf3 Nc6 6. Bb5 Nxc3 7. dxc3 Bc5 8. Bf4 Qh4+ 9. g3 Qe7 10. O-O-O O-O 11.
Qxd5 Be6 12. Qe4 Rfd8 13. Nf3 Bg4 14. h3 Bh5 15. Bxc6 Bg6 16. Qa4 bxc6 17. Qxc6 h6 18.
e6 Bb6 19. exf7+ Bxf7 20. Kb1 Be8 21. Qc4+ Bf7 22. Qc6 Be8 23. Qc4+ Bf7 24. Qa4 Rxd1+ 25. Rxd1 Qe2 26. Re1 Qxf3 27. Qd7 Bg6 28. b3 Qxc3 29.
Rc1 Kh7 30. h4 Re8 31. Qd5 Re2 0-1

[Event "Early-Titled-Tuesday-Blitz-October-24-2023"]
[Site "Chess.com"]
[Date "2023.10.24"]
[Round "8"]
[White "DonCiao"]
[Black "AndresDelgado77"]
[Result "0-1"]
[WhiteElo "2136"]
[BlackElo "2344"]
[TimeControl "180+1"]
[EndTime "9:24:26 PDT"]
[Termination "AndresDelgado77 won by checkmate"]

1. c4 g6 2. g3 Bg7 3. Bg2 c5 4. Nf3 Nc6 5. O-O e6 6. Nc3 Nge7 7. d4 cxd4 8. Nb5 Nf5 9. Qa4 O-O 10. c5 e5 11. Nd6 Nxd6 12. cxd6 Qf6 13. Qa3 h6 14. Nd2 b6 15. Ne4 Qe6 16. f4 f5 17. Nd2 e4 18. Qb3 Rf6 19. Nc4 Ba6 20. Ne5 Bxe2 21. Re1 d3 22. Nxd7 Qxb3 23. Nxf6+ Bxf6 24. axb3 Bd4+ 25. Kh1 Nb4 26. Ra4 a5 27. Bd2 Bc5 28.
d7 Rd8 29. Bf1 e3 30. Bxb4 Bxb4 31. Rxe2 dxe2 32. Bxe2 Rxd7 33. Kg2 Rd2 34. Kf3 Bc5 35. Ra1 Rxb2 36. Rd1 Kg7 37. Bc4 Rf2# 0-1

[Event "Early-Titled-Tuesday-Blitz-October-24-2023"]
[Site "Chess.com"]
[Date "2023.10.24"]
[Round "8"]
[White "CSB7"]
[Black "ExchangeAB"]
[Result "1/2-1/2"]
[WhiteElo "2709"]
[BlackElo "2545"]
[TimeControl "180+1"]
[EndTime "9:24:29 PDT"]
[Termination "Game drawn - insufficient material"]

1. d4 d5 2. c4 c6 3. Nf3 Nf6 4. Nbd2 Bf5 5. Nh4 Bg4 6. h3 Bh5 7.
g4 Bg6 8. g5 Ne4 9. Nxg6 hxg6 10. Nxe4 dxe4 11. Bg2 e5 12. dxe5 Qa5+ 13. Bd2 Bb4 14. h4 Bxd2+ 15. Qxd2 Qxe5 16. O-O-O O-O 17. Qd4 Qxd4 18. Rxd4 Na6 19. Bxe4 Rfd8 20. Rhd1 Rxd4 21. Rxd4 Kf8 22. Kc2 Ke7 23. Kc3 Nc5 24. Bg2 Rd8 25.
Rxd8 Kxd8 26. b4 Ne6 27. e3 Kc7 28. c5 a5 29. a3 axb4+ 30. axb4 b6 31. Kc4 bxc5 32.
bxc5 Nd8 33. Bh3 Nb7 34. Kb4 Kd8 35. f4 Kc7 36. e4 Kd8 37. Bg4 Kc7 38. h5 gxh5 39.
Bxh5 f6 40. gxf6 gxf6 41. Be2 Nd8 42. Bc4 Nb7 43. Ba6 Nd8 44. Bc4 Nb7 45. Bb3 Kd8 46.
Kc4 Kd7 47. Kd4 Na5 48. Ba4 Ke6 49. f5+ Ke7 50. e5 fxe5+ 51. Kxe5 Nc4+ 52. Kd4 Na5 53. Ke4 Kf6 54. Kf4 Nb7 55. Bxc6 Nxc5 56. Be4 Nb3 57. Bd3 Nd4 58. Be4 Nxf5 1/2-1/2

[Event "Early-Titled-Tuesday-Blitz-October-24-2023"]
[Site "Chess.com"]
[Date "2023.10.24"]
[Round "8"]
[White "nihalsarin"]
[Black "Iball95"]
[Result "1-0"]
[WhiteElo "3121"]
[BlackElo "2850"]
[TimeControl "180+1"]
[EndTime "9:24:31 PDT"]
[Termination "nihalsarin won by checkmate"]

1. a3 e5 2. c4 Nf6 3. Nc3 Nc6 4.
e3 d5 5. cxd5 Nxd5 6. Qc2 Nxc3 7. Qxc3 Bd6 8. b4 O-O 9. Bb2 Re8 10. Nf3 a6 11. Bd3 h6 12. Qc2 Bg4 13. h3 Bd7 14. g4 a5 15. b5 Na7 16. a4 c6 17. b6 Nc8 18. Rg1 Nxb6 19. g5 hxg5 20. Nxg5 Nd5 21. Bh7+ Kf8 22. Nxf7 Qf6 23. Nxd6 Qxd6 24.
Rg5 Nb4 25. Qg6 Qxg6 26. Bxg6 Re6 27. Ke2 Be8 28. Bf5 Re7 29. Be4 Bd7 30. Bxe5 Rd8 31. Rag1 Bxh3 32. Bxg7+ Ke8 33. Bg6+ Kd7 34. Bf6 Be6 35.
d3 Rg8 36. Bxe7 Kxe7 37. Be4 Rf8 38. Rxa5 Nd5 39. Rg7+ Kd6 40. Bxd5 Bxd5 41. e4 Bb3 42. Rxb7 Be6 43. e5# 1-0

[Event "Early-Titled-Tuesday-Blitz-October-24-2023"]
[Site "Chess.com"]
[Date "2023.10.24"]
[Round "8"]
[White "Lennis93"]
[Black "JiaHaoxiang"]
[Result "1-0"]
[WhiteElo "2742"]
[BlackElo "2608"]
[TimeControl "180+1"]
[EndTime "9:24:31 PDT"]
[Termination "Lennis93 won by resignation"]

1. e4 c5 2. Nf3 d6 3. Bb5+ Bd7 4.
c4 Nf6 5. Nc3 g6 6. O-O Bg7 7.
d4 cxd4 8. Nxd4 O-O 9. Bg5 Nc6 10. Bxc6 Bxc6 11. Nxc6 bxc6 12. c5 Qa5 13. Bxf6 Bxf6 14. cxd6 exd6 15. Qxd6 Bxc3 16. bxc3 Qxc3 17. Rfc1 Qb2 18.
Qxc6 Rab8 19. g3 Rfd8 20. Rab1 Qxa2 21. Rxb8 Rxb8 22. e5 a5 23. Kg2 a4 24. Rc4 a3 25. e6 Qe2 26. exf7+ Kg7 27. Rf4 Qe7 28. Qc3+ Kh6 29. Rh4+ Kg5 30. f4+ Kf5 31. Qa5+ Kf6 32.
Qg5+ Ke6 33. Qe5+ Kd7 34. Qxb8 Qe2+ 35. Kh3 Qf1+ 36. Kg4 Qe2+ 37. Kg5 Qe7+ 38. Kh6 Qxf7 39. Qa7+ Ke6 40. f5+ Qxf5 41. Qa6+ Ke7 42. Qxa3+ Ke8 43. Qe3+ Kd7 44. Rd4+ 1-0

[Event "Early-Titled-Tuesday-Blitz-October-24-2023"]
[Site "Chess.com"]
[Date "2023.10.24"]
[Round "8"]
[White "MasterKroket"]
[Black "VOneChess"]
[Result "1/2-1/2"]
[WhiteElo "2514"]
[BlackElo "2304"]
[TimeControl "180+1"]
[EndTime "9:24:32 PDT"]
[Termination "Game drawn by repetition"]

1. e4 d5 2. exd5 Nf6 3. Nc3 Nxd5 4. Bc4 Nb6 5. Bb3 c5 6. d3 Nc6 7. Qh5 e6 8. Nge2 Be7 9. Ne4 O-O 10. h4 Nd5 11.
Ng5 h6 12. Nf4 Nd4 13. Nxd5 exd5 14. Be3 Qa5+ 15. Bd2 Qc7 16. O-O-O c4 17. dxc4 dxc4 18. Bc3 cxb3 19. Rxd4 bxa2 20. Ra4 Qf4+ 21. Rxf4 a1=Q+ 22. Kd2 Qxh1 23. Rxf7 Bxg5+ 24. Qxg5 hxg5 25. Rxg7+ Kh8 26. Rf7+ Kg8 27. Rg7+ Kh8 28. Rf7+ Kg8 29. Rg7+ 1/2-1/2

[Event "Early-Titled-Tuesday-Blitz-October-24-2023"]
[Site "Chess.com"]
[Date "2023.10.24"]
[Round "8"]
[White "tarno17"]
[Black "NowInChess"]
[Result "1-0"]
[WhiteElo "2119"]
[BlackElo "2215"]
[TimeControl "180+1"]
[EndTime "9:24:32 PDT"]
[Termination "tarno17 won by checkmate"]

1. e4 e6 2. d4 d5 3. Nd2 h6 4. c3 c5 5. Bd3 Nc6 6. Ne2 cxd4 7. cxd4 dxe4 8. Nxe4 Nf6 9. O-O Be7 10. Be3 O-O 11.
N2g3 Nb4 12. Bb1 Nbd5 13. Qf3 Bd7 14. Nh5 Bc6 15. Bxh6 Nxh5 16. Qxh5 f5 17. Qg6 Bf6 18. Ng5 Re8 19. Re1 Qe7 20. Qh7+ Kf8 21. Qh8# 1-0

[Event "Early-Titled-Tuesday-Blitz-October-24-2023"]
[Site "Chess.com"]
[Date "2023.10.24"]
[Round "8"]
[White "Apocalyps999"]
[Black "rocket10jan"]
[Result "0-1"]
[WhiteElo "2286"]
[BlackElo "2391"]
[TimeControl "180+1"]
[EndTime "9:24:34 PDT"]
[Termination "rocket10jan won on time"]

1. e4 c6 2. c4 d5 3. exd5 cxd5 4. cxd5 Nf6 5. Nc3 Nxd5 6. Nf3 Nc6 7. d4 e6 8. Bd3 Be7 9. O-O O-O 10. a3 b6 11.
Re1 Bb7 12. Bc2 Bf6 13. Qd3 g6 14. Bh6 Bg7 15. Bg5 Qd7 16. Ne5 Nxe5 17. dxe5 h6 18. Nxd5 Qxd5 19. Qxd5 Bxd5 20. Bf4 Rac8 21. Bd3 Rfd8 22.
Rac1 Rxc1 23. Rxc1 g5 24. Bg3 Bxg2 25. Kxg2 Rxd3 26. Rc8+ Kh7 27. Rc7 Kg6 28. Rxa7 Rb3 29. Rb7 Rxb2 30. a4 Rb4 31. f3 h5 32. h4 gxh4 33.
Bh2 Rxa4 34. Rxb6 Ra5 35. f4 Ra3 0-1

[Event "Early-Titled-Tuesday-Blitz-October-24-2023"]
[Site "Chess.com"]
[Date "2023.10.24"]
[Round "8"]
[White "Cambek64"]
[Black "Kostya0705"]
[Result "1-0"]
[WhiteElo "2463"]
[BlackElo "2603"]
[TimeControl "180+1"]
[EndTime "9:24:35 PDT"]
[Termination "Cambek64 won by resignation"]

1. b3 e5 2. Bb2 d6 3. e3 g6 4.
Nf3 Bg7 5. c4 Ne7 6. d3 O-O 7.
Nbd2 c6 8. Qc2 f5 9. Be2 Be6 10.
O-O Kh8 11. Rfd1 Nd7 12. d4 e4 13. Ng5 Bg8 14. d5 cxd5 15. Bxg7+ Kxg7 16. cxd5 Ne5 17. Ne6+ Bxe6 18. dxe6 Qc8 19. Nc4 Nxc4 20. Bxc4 Qc6 21. Qb2+ Kg8 22. Rac1 Rac8 23. a4 Qb6 24. g3 Rc5 25. b4 Rcc8 26. a5 Qc6 27. Ba2 Qb5 28.
Rxd6 Rxc1+ 29. Qxc1 Qxb4 30. Rd7 Rc8 31. Qxc8+ Nxc8 32. e7+ Kg7 33. e8=Q+ Kh6 34. Qxc8 Qe1+ 35. Kg2 Qe2 36.
Qc4 Qf3+ 37. Kg1 Kg5 38. Bb3 1-0

[Event "Early-Titled-Tuesday-Blitz-October-24-2023"]
[Site "Chess.com"]
[Date "2023.10.24"]
[Round "8"]
[White "MidnightFox"]
[Black "ellatambien"]
[Result "0-1"]
[WhiteElo "2502"]
[BlackElo "2621"]
[TimeControl "180+1"]
[EndTime "9:24:36 PDT"]
[Termination "ellatambien won on time"]

1. d4 Nf6 2. c4 e6 3. g3 d5 4.
Bg2 Be7 5. Nf3 O-O 6. O-O dxc4 7. Qc2 b5 8. a4 Bb7 9. axb5 a6 10. bxa6 Nxa6 11.
Qxc4 Bd5 12. Qc3 Ne4 13. Qe3 Nb4 14. Rxa8 Qxa8 15. Nc3 Bb7 16. Nxe4 Bxe4 17. Bd2 Nc2 18. Qf4 Nxd4 19. Re1 Bf6 20. Bc3 Nxf3+ 21. exf3 Bxc3 22. bxc3 Bd5 23. Qxc7 Rc8 24. Qe5 Qc6 25. Rc1 Bxf3 26. Bxf3 Qxf3 27. c4 h5 28. h4 Qa3 29. Rc3 Qa1+ 30. Kg2 Qd1 31. c5 Ra8 32. Qd6 Qe1 33. Re3 Qc1 34. Rb3 Ra1 35. Rb8+ Kh7 36. Qd3+ g6 37. Kf3 Qh1+ 38. Ke3 Re1+ 39. Kf4 Qh3 0-1

[Event "Early-Titled-Tuesday-Blitz-October-24-2023"]
[Site "Chess.com"]
[Date "2023.10.24"]
[Round "8"]
[White "whiteglovethief"]
[Black "GatoRojo150"]
[Result "0-1"]
[WhiteElo "2443"]
[BlackElo "2603"]
[TimeControl "180+1"]
[EndTime "9:24:37 PDT"]
[Termination "GatoRojo150 won by resignation"]

1. d4 d5 2. c4 dxc4 3. e4 b5 4.
a4 c6 5. axb5 cxb5 6. b3 e5 7.
bxc4 Nf6 8. Nf3 Nxe4 9. Bd3 Bb4+ 10.
Kf1 Bb7 11. Qe2 f5 12. Nxe5 O-O 13. cxb5 Nd7 14. Bc4+ Kh8 15. Nf7+ Rxf7 16. Bxf7 Qh4 17. Nd2 Ndf6 18. Nf3 Qg4 19. h3 Ng3+ 20. fxg3 Qxg3 21. Be3 Ne4 22. Bf2 Qc7 23. d5 Qxf7 24. Qc4 Bc3 25.
Rxa7 Rxa7 26. Bxa7 h6 27. Bd4 Bxd4 28. Qxd4 Ng3+ 29.
Ke1 Nxh1 30. Ne5 Qxd5 31. Ng6+ Kh7 32. Qxd5 Bxd5 33. Nf4 Bb7 34. Ne2 Bxg2 35. b6 g5 36.
Nd4 f4 37. Ne6 f3 0-1

[Event "Early-Titled-Tuesday-Blitz-October-24-2023"]
[Site "Chess.com"]
[Date "2023.10.24"]
[Round "8"]
[White "InitiatingASC"]
[Black "Lady_Nika"]
[Result "0-1"]
[WhiteElo "2331"]
[BlackElo "2479"]
[TimeControl "180+1"]
[EndTime "9:24:37 PDT"]
[Termination "Lady_Nika won on time"]

1. e4 c5 2. Nf3 e6 3. Bb5 a6 4.
Bd3 Nc6 5. O-O d5 6. exd5 exd5 7. Re1+ Be7 8. Ne5 Nf6 9. Nxc6 bxc6 10. c4 O-O 11.
Nc3 Be6 12. Bf1 dxc4 13. Ne4 Qd4 14. Qf3 Bd5 15. Nxf6+ Bxf6 16. Qg3 Rae8 17. Re3 a5 18. a4 Rxe3 19. fxe3 Qe4 20. Ra3 Bh4 21. Qh3 Be6 22. Qf3 Qb1 23. Qd1 Bd5 24. Rc3 Qf5 25. g3 Bf6 26. Rxc4 Bxc4 27. Bxc4 Rd8 28. d3 Qe5 29. Qb3 Qe7 30. Qb6 h5 31. Qxc6 h4 32. Kg2 hxg3 33. hxg3 Bg5 34. Qf3 Bf6 35. b3 g6 36. Bd2 Re8 37. Kf2 Bg5 38. Ke2 Kg7 39.
Bc3+ f6 40. e4 Rh8 0-1

[Event "Early-Titled-Tuesday-Blitz-October-24-2023"]
[Site "Chess.com"]
[Date "2023.10.24"]
[Round "8"]
[White "djano"]
[Black "N4700000"]
[Result "1-0"]
[WhiteElo "2679"]
[BlackElo "2550"]
[TimeControl "180+1"]
[EndTime "9:24:38 PDT"]
[Termination "djano won by checkmate"]

1. e4 c6 2. d4 d5 3. exd5 cxd5 4. Bd3 Nc6 5. c3 Nf6 6. Bf4 Bg4 7. Qb3 Qd7 8. Nd2 e6 9. Ngf3 Bd6 10. Bxd6 Qxd6 11.
O-O O-O 12. Rae1 Bxf3 13. Nxf3 Qc7 14. Qc2 g6 15. Qd2 Kg7 16. g3 a6 17. h4 b5 18. a3 Rab8 19. Kg2 h6 20. Re2 a5 21. b4 Rfc8 22. Rh1 Ne7 23. Rc1 Nf5 24. Rc2 Nd6 25.
Ne5 Nfe4 26. Qf4 f6 27. Ng4 g5 28. hxg5 hxg5 29. Qc1 Rh8 30. f3 Nxg3 31. Rxe6 Ndf5 32. Rxf6 Ne2 33. Qxg5+ Kh7 34. Qg6# 1-0

[Event "Early-Titled-Tuesday-Blitz-October-24-2023"]
[Site "Chess.com"]
[Date "2023.10.24"]
[Round "8"]
[White "Rodalquilar"]
[Black "MaxLeto"]
[Result "1-0"]
[WhiteElo "2747"]
[BlackElo "2558"]
[TimeControl "180+1"]
[EndTime "9:24:38 PDT"]
[Termination "Rodalquilar won on time"]

1. d4 h5 2. e4 h4 3. Nc3 c6 4.
Nf3 h3 5. g3 d5 6. exd5 cxd5 7.
Bf4 Nf6 8. Ne5 a6 9. Qf3 Nc6 10. O-O-O Nxe5 11. dxe5 Bg4 12. Qd3 Bxd1 13. exf6 Bh5 14.
Nxd5 Rc8 15. Qb3 e6 16. Qxb7 Bf3 17. Bxa6 Bxd5 18. Bb5+ Bc6 19. Rd1 1-0

[Event "Early-Titled-Tuesday-Blitz-October-24-2023"]
[Site "Chess.com"]
[Date "2023.10.24"]
[Round "8"]
[White "M1711"]
[Black "scarabee43"]
[Result "0-1"]
[WhiteElo "2568"]
[BlackElo "2793"]
[TimeControl "180+1"]
[EndTime "9:24:44 PDT"]
[Termination "scarabee43 won by checkmate"]

1. e4 c5 2. Nf3 e6 3. d4 cxd4 4. Bg5 Qb6 5. Qxd4 Qxd4 6. Nxd4 a6 7.
Nd2 Be7 8. Bxe7 Kxe7 9. Nc4 Nc6 10. Nxc6+ dxc6 11. Nb6 Rb8 12. e5 Bd7 13. O-O-O Be8 14.
f4 h5 15. Be2 g6 16. g3 Nh6 17.
Rd3 Nf5 18. Rhd1 f6 19. Nd7 Bxd7 20. Rxd7+ Ke8 21. exf6 Rf8 22. Rh7 Rxf6 23. Rdd7 h4 24. g4 Ne3 25. Rde7+ Kf8 26. Rd7 Kg8 27. g5 Rxf4 28.
Rdg7+ Kf8 29. Rxg6 Rd8 30. Rh8+ Kf7 31. Rf6+ Rxf6 32.
Rxd8 Rf2 33. Bh5+ Ke7 34. Re8+ Kd7 35. g6 Rxc2+ 36. Kb1 Rg2 37. Rg8 Rg1+ 38. Bd1 Rxd1# 0-1

[Event "Early-Titled-Tuesday-Blitz-October-24-2023"]
[Site "Chess.com"]
[Date "2023.10.24"]
[Round "8"]
[White "esrosenberg"]
[Black "LuisFSiles"]
[Result "1/2-1/2"]
[WhiteElo "2454"]
[BlackElo "2291"]
[TimeControl "180+1"]
[EndTime "9:24:45 PDT"]
[Termination "Game drawn by repetition"]

1. d4 Nf6 2. Nf3 g6 3. Nc3 d5 4. Bf4 c5 5. e3 a6 6. h3 Bg7 7.
a4 O-O 8. Be2 cxd4 9. exd4 Nc6 10. O-O Ne4 11. Re1 Qa5 12. Ra3 Nxc3 13. bxc3 Bf5 14.
Bd3 Bxd3 15. cxd3 e6 16. Qb3 b5 17. axb5 Qxb5 18. Qxb5 axb5 19. Rb3 b4 20. cxb4 Nxd4 21.
Nxd4 Bxd4 22. b5 Ra2 23. Be3 Bxe3 24. fxe3 Rc8 25. b6 Rcc2 26. b7 Rxg2+ 27. Kh1 Rh2+ 28. Kg1 Rag2+ 29. Kf1 Rf2+ 30. Kg1 Rfg2+ 31. Kf1 Rf2+ 32.
Kg1 Rfg2+ 1/2-1/2

[Event "Early-Titled-Tuesday-Blitz-October-24-2023"]
[Site "Chess.com"]
[Date "2023.10.24"]
[Round "8"]
[White "zverr1"]
[Black "Jojo_898"]
[Result "1-0"]
[WhiteElo "2498"]
[BlackElo "2345"]
[TimeControl "180+1"]
[EndTime "9:24:45 PDT"]
[Termination "zverr1 won by resignation"]

1. e4 d6 2. d4 Nf6 3. Nc3 g5 4. Bxg5 Bg7 5. e5 Nfd7 6. exd6 cxd6 7. Nf3 Nc6 8. Be2 Qa5 9. Qd2 Rg8 10. Nb5 Qb6 11.
O-O-O a6 12. Nc3 Nxd4 13. Be3 Nxf3 14. Bxf3 Qa5 15. Bd4 Ne5 16. Be2 Be6 17. Kb1 Rc8 18.
a3 b5 19. f4 Nc4 20. Bxc4 Rxc4 21. Bxg7 Rxg7 22. g3 b4 23. Na2 Qb6 24. Nxb4 a5 25. Nd5 Qb5 26. Rhe1 Rc5 27. Nc3 Kd7 28. Nxb5 1-0

[Event "Early-Titled-Tuesday-Blitz-October-24-2023"]
[Site "Chess.com"]
[Date "2023.10.24"]
[Round "8"]
[White "Oleksandr_Bortnyk"]
[Black "AvitalBor"]
[Result "0-1"]
[WhiteElo "3018"]
[BlackElo "2870"]
[TimeControl "180+1"]
[EndTime "9:24:46 PDT"]
[Termination "AvitalBor won on time"]

1. e4 e5 2. Bc4 c6 3. Nf3 d5 4. Bb3 Bd6 5. d4 dxe4 6. Ng5 Nh6 7. Qh5 O-O 8. dxe5 Qa5+ 9. Nc3 Bg4 10. Qh4 Bxe5 11. Bd2 Bxc3 12. Bxc3 Qb5 13. f3 exf3 14. O-O-O fxg2 15. Rhe1 Bxd1 16. Nxf7 Nxf7 17. Qg3 g6 18. Rxd1 Qf1 19. Bd4 Nd7 20. Qh4 Rae8 21. Qxh7+ Kxh7 0-1

[Event "Early-Titled-Tuesday-Blitz-October-24-2023"]
[Site "Chess.com"]
[Date "2023.10.24"]
[Round "8"]
[White "LiemLe"]
[Black "Drags95"]
[Result "0-1"]
[WhiteElo "2956"]
[BlackElo "2854"]
[TimeControl "180+1"]
[EndTime "9:24:46 PDT"]
[Termination "Drags95 won by resignation"]

1. Nf3 d5 2. e3 Nf6 3. c4 c6 4. Nc3 e6 5. b3 Bd6 6. Bb2 O-O 7.
Be2 b6 8. Qc2 Bb7 9. Rg1 Na6 10.
g4 e5 11. g5 Nd7 12. h4 Qe7 13. a3 b5 14. h5 b4 15. axb4 Nxb4 16. Qb1 e4 17. Nd4 Ne5 18. Nf5 Qd7 19. Nxd6 Qxd6 20.
Ba3 c5 21. Bxb4 cxb4 22. Nxd5 Bxd5 23. cxd5 Qxd5 24. Qb2 Rfd8 25. Kf1 a5 26. h6 Qe6 27.
Rc1 Rac8 28. Rxc8 Rxc8 29. Bg4 Qa6+ 30. Kg2 Rc5 31. Rc1 Rxc1 32. Qxe5 Qf1+ 33. Kg3 Qg1+ 34. Kf4 Qh2+ 35. Kxe4 Qxe5+ 36. Kxe5 Rb1 37. d4 Rxb3 38.
d5 a4 39. Bf5 a3 40. d6 a2 41. d7 a1=Q+ 42. Kd5 Qa5+ 0-1

[Event "Early-Titled-Tuesday-Blitz-October-24-2023"]
[Site "Chess.com"]
[Date "2023.10.24"]
[Round "8"]
[White "CraiggoryC"]
[Black "Shivananda1964"]
[Result "0-1"]
[WhiteElo "2224"]
[BlackElo "2393"]
[TimeControl "180+1"]
[EndTime "9:24:46 PDT"]
[Termination "Shivananda1964 won by resignation"]

1. e4 d5 2. exd5 Qxd5 3. Nc3 Qd6 4. d4 Nf6 5. Nf3 a6 6. g3 b5 7. Bg2 Bb7 8. O-O Nbd7 9. Bf4 Qb6 10. a4 b4 11. a5 Qa7 12. Na4 Nd5 13. Ne5 Nxf4 14. gxf4 Bxg2 15. Kxg2 Qb7+ 16. Qf3 Qxf3+ 17. Kxf3 e6 18.
Rfe1 Nf6 19. f5 Bd6 20. Nc4 O-O 21. Nxd6 cxd6 22. Nb6 Rab8 23. Ra4 Nd5 24. Nxd5 exd5 25.
f6 Rfc8 26. fxg7 Rxc2 27. Raa1 Rxb2 28. Rac1 Rb3+ 29. Kf4 Rc3 30. Rxc3 bxc3 31. Rc1 Rc8 32. Ke3 Kxg7 33. Kd3 Kf6 34. Rxc3 Rxc3+ 35. Kxc3 Kf5 36. Kd3 Kf4 37. Ke2 Ke4 0-1

[Event "Early-Titled-Tuesday-Blitz-October-24-2023"]
[Site "Chess.com"]
[Date "2023.10.24"]
[Round "8"]
[White "Matols"]
[Black "Barmen_EV"]
[Result "0-1"]
[WhiteElo "2399"]
[BlackElo "2504"]
[TimeControl "180+1"]
[EndTime "9:24:47 PDT"]
[Termination "Barmen_EV won on time"]

1. d4 Nf6 2. c4 e6 3. g3 d5 4. Nf3 Bb4+ 5. Bd2 Be7 6. Bg2 dxc4 7. Qc2 O-O 8. Qxc4 Bd7 9. O-O Bc6 10. Nc3 Nbd7 11. Qd3 Nd5 12. Nxd5 Bxd5 13. e4 Bc6 14.
Rac1 Nc5 15. Rxc5 Bxc5 16. Rc1 Bb6 17. Bg5 Qd7 18. Be3 f6 19. Nd2 Rad8 20. Qc4 Bxd4 21.
Bxd4 Qxd4 22. Qxe6+ Kh8 23. Nb3 Qe5 24. Qc4 Bb5 25.
Qb4 Bd3 26. Nc5 Qd6 27. a3 Be2 28. h4 b6 29. Na6 Qxb4 30. Nxb4 Rd1+ 31. Rxd1 Bxd1 0-1

[Event "Early-Titled-Tuesday-Blitz-October-24-2023"]
[Site "Chess.com"]
[Date "2023.10.24"]
[Round "8"]
[White "FGHSMN"]
[Black "RETURNOFTHELAGGER"]
[Result "1-0"]
[WhiteElo "2889"]
[BlackElo "2671"]
[TimeControl "180+1"]
[EndTime "9:24:48 PDT"]
[Termination "FGHSMN won on time"]

1. c4 Nf6 2. Nc3 g6 3. d4 Bg7 4. e4 d6 5. h3 Nbd7 6. Be3 e5 7.
d5 h5 8. Qc2 Bh6 9. Nge2 Bxe3 10. fxe3 h4 11. O-O-O Nc5 12. Ng1 Nh5 13. Nf3 Ng3 14. Rg1 a5 15. Bd3 Bd7 16. Ne2 Rb8 17. Nxg3 hxg3 18. Qc3 O-O 19. Qe1 b5 20. cxb5 Bxb5 21.
Bc2 a4 22. Qxg3 Bc4 23. Kb1 c6 24. Qe1 Qb6 25. Qc3 cxd5 26. exd5 Rfc8 27. Qa3 e4 28. Nd4 Bxd5 29. Rd2 Bc4 30. Rgd1 Bd3 31. Bxd3 Nxd3 32.
Ka1 Qa5 33. Re2 Rb4 34. Rb1 Rcb8 35. Nc6 Qc7 36. Nxb8 Rxb8 37. Qxa4 Nc5 38. Qa3 Qc6 39. b4 Qb5 40. Rc2 Nd3 41. Qc3 Qa4 42. a3 d5 43.
Qb3 Qb5 44. a4 1-0

[Event "Early-Titled-Tuesday-Blitz-October-24-2023"]
[Site "Chess.com"]
[Date "2023.10.24"]
[Round "8"]
[White "diamonds13"]
[Black "Mistango"]
[Result "0-1"]
[WhiteElo "2307"]
[BlackElo "2500"]
[TimeControl "180+1"]
[EndTime "9:24:48 PDT"]
[Termination "Mistango won by resignation"]

1. d4 d5 2. c4 e6 3. cxd5 exd5 4. Nc3 Be7 5. Bf4 c6 6. e3 Nf6 7. h3 Bf5 8. g4 Bg6 9. Bg2 Qb6 10. Qd2 Nbd7 11. Nge2 h5 12. g5 Nh7 13. h4 Nhf8 14. Bh3 Ne6 15. Bg3 Rf8 16. a3 f5 17. Bf4 Bh7 18. Ng3 g6 19. Nge2 Bg8 20. b4 a5 21.
Na4 Qd8 22. Nc5 axb4 23. Nxb7 Nxf4 24. Nxd8 Nxe2 25. Nxc6 Nc3 26. Nxe7 Kxe7 27. O-O Nb6 28. axb4 Ne4 29. Qc2 Rfc8 30. Qb2 Nc4 31. Qe2 Be6 32.
Rxa8 Rxa8 33. Rc1 Rb8 34. Qe1 Ned2 35. Bf1 Nf3+ 36. Kg2 Nxe1+ 37. Rxe1 Rxb4 0-1

[Event "Early-Titled-Tuesday-Blitz-October-24-2023"]
[Site "Chess.com"]
[Date "2023.10.24"]
[Round "8"]
[White "Sanan_Sjugirov"]
[Black "FairChess_on_YouTube"]
[Result "0-1"]
[WhiteElo "2949"]
[BlackElo "3098"]
[TimeControl "180+1"]
[EndTime "9:24:49 PDT"]
[Termination "FairChess_on_YouTube won on time"]

1. d4 Nf6 2. c4 e6 3. Nf3 a6 4.
Nc3 d5 5. cxd5 exd5 6. Bg5 Be6 7.
e3 Nbd7 8. Bd3 h6 9. Bh4 Bd6 10. Qc2 O-O 11. O-O Rc8 12. Bg3 Bxg3 13. hxg3 Re8 14.
b4 c6 15. a4 Bg4 16. Nd2 Nf8 17. Nb3 Bh5 18. Nc5 Qe7 19. b5 cxb5 20. axb5 b6 21. N5a4 axb5 22. Bxb5 Red8 23. Nxb6 Rc7 24. Qb3 Qe6 25.
Nba4 Qf5 26. Nc5 Ne6 27. N3a4 Bg6 28. Be2 Ng5 29. Rac1 Rdc8 30. Qb4 Nge4 31. Nb3 Rxc1 32. Nxc1 Rxc1 0-1